 Dungeon Crawl Stone Soup version 0.22.1-2-g9c5b331 (webtiles) character file.

443 Matador8 the Cutter (level 7, -2/48 HPs)
             Began as a Human Wanderer on Dec 18, 2018.
             Slain by a centaur zombie (4 damage)
             ... on level 6 of the Dungeon.
             The game lasted 00:18:09 (3424 turns).

Matador8 the Cutter (Human Wanderer)                Turns: 3424, Time: 00:18:11

Health: -2/48      AC:  9    Str: 12    XL:     7   Next: 23%
Magic:  11/11      EV:  8    Int: 13    God:
Gold:   170        SH:  0    Dex: 14    Spells: 10/11 levels left

rFire    . . .     SeeInvis .   g - +2 dagger (flame)
rCold    . . .     Gourm    .   (no shield)
rNeg     . . .     Faith    .   a - +2 scale mail
rPois    .         Spirit   .   (no helmet)
rElec    .         Reflect  .   u - +0 cloak
rCorr    .         Harm     .   (no gloves)
MR       .....                  (no boots)
Stlth    +.........             (no amulet)
HPRegen  0.16/turn              (no ring)
MPRegen  0.12/turn              (no ring)

@: lethally poisoned (-2 -> -3)
A: no striking features
a: no special abilities


You were on level 6 of the Dungeon.
You were not hungry.

You visited 1 branch of the dungeon, and saw 5 of its levels.

You collected 170 gold pieces.

Inventory:

Hand Weapons
 c - a +0 mace
 g - a +2 dagger of flaming (weapon)
Missiles
 q - 14 poisoned needles (quivered)
Armour
 a - a +2 scale mail (worn)
 u - a +0 cloak (worn)
Jewellery
 x - an uncursed ring of see invisible {unknown}
Scrolls
 e - 2 scrolls of enchant armour {unknown}
 i - a scroll of fear {unknown}
 j - 3 scrolls of identify {unknown}
 n - 3 scrolls of remove curse {unknown}
 p - a scroll of immolation {unknown}
 r - a scroll of enchant weapon {unknown}
 t - a scroll of amnesia {unknown}
 v - a scroll of magic mapping {unknown}
 w - a scroll of teleportation {unknown}
Potions
 b - a potion of lignification {unknown}
 f - a potion of invisibility {unknown}
 k - a potion of degeneration {unknown}
 l - 2 potions of berserk rage {unknown}
 m - a potion of curing {unknown}
 o - a potion of might {unknown}
 s - a potion of flight {unknown}
Comestibles
 d - 6 rations
 h - 3 chunks of flesh


   Skills:
 - Level 1.5 Fighting
 + Level 5.3 Short Blades
 - Level 1.0 Maces & Flails
 - Level 1.0 Armour
 - Level 2.2 Stealth
 + Level 2.9 Spellcasting
   Level 2.0 Fire Magic
 - Level 3.0 Earth Magic
   Level 1.0 Evocations


You had 10 spell levels left.
You knew the following spells:

 Your Spells              Type           Power        Failure   Level  Hunger
a - Sandblast             Erth           #.....       36%         1    #......

Your spell library contained the following spells:

 Spells                   Type           Power        Failure   Level  Hunger
 Stone Arrow              Conj/Erth      #.....       90%         3    ###....


Dungeon Overview and Level Annotations

Branches:
Dungeon (4/15)
 Temple: D:4-7

Altars:
Ashenzari
Elyvilon
Nemelex Xobeh
Vehumet
Zin
The Shining One


Message History

The scorpion is almost dead.
You hit the scorpion but do no damage.
The scorpion is almost dead.
A centaur zombie comes into view.
The scorpion stings you.
* * * LOW HITPOINT WARNING * * *
You hit the scorpion. You burn the scorpion.
You kill the scorpion!
You feel sick. The centaur zombie hits you.
* * * LOW HITPOINT WARNING * * *
You hit the centaur zombie. You burn the centaur zombie.
The centaur zombie is lightly damaged.
The centaur zombie hits you.
* * * LOW HITPOINT WARNING * * *
You hit the centaur zombie. You burn the centaur zombie.
The centaur zombie is lightly damaged.
* * * LOW HITPOINT WARNING * * *
You feel sick. The centaur zombie hits you.
You die...

#.#.##.# #.# # #.#.##.#
#.# .# . #.#.##.# #.# ..#
... #.#.##.# #.##..#
.....#.#.##.######.....#
.......รท...............#
.....#.#.##.#####..##..#
##. ...#.##Z# #......#
.####.#####.##@# #..##..#
..w.w.......##.# #... .#
.####.########## #..#. ..
.. #..#.. #. ... .... ..
. ... ..... .. .#.#


w You could see a centaur zombie.

Vanquished Creatures
  2 bullfrogs
  A scorpion (D:6)
  A hound (D:6)
  Crazy Yiuf (D:4)
  An orc priest (D:3)
  A bullfrog skeleton (D:6)
  5 adders
  7 worms
  4 leopard geckos
  7 orcs (D:3)
  2 ball pythons
  7 bats
  6 giant cockroaches
  7 goblins
  16 hobgoblins
  3 jackals
  5 kobolds
  5 frilled lizards
  7 rats
88 creatures vanquished.

Notes
Turn   | Place    | Note
-------+----------+-------------------------------------------
     0 | D:1      | Matador8 the Human Wanderer began the quest for the Orb.
     0 | D:1      | Matador8 set off with: a +2 scale mail, a +0 mace, a ration
     0 | D:1      | Reached XP level 1. HP: 15/15 MP: 1/1
     2 | D:1      | Noticed a ghoul
     2 | D:1      | Noticed a vine stalker
     4 | D:1      | Noticed a felid
     6 | D:1      | Noticed a merfolk
     6 | D:1      | Noticed a draconian
     8 | D:1      | Noticed a formicid
     8 | D:1      | Noticed a gargoyle
    10 | D:1      | Noticed a naga
    12 | D:1      | Noticed a troll
    12 | D:1      | Noticed a halfling
    14 | D:1      | Noticed a human
    14 | D:1      | Noticed a demonspawn
    16 | D:1      | Noticed a centaur
    18 | D:1      | Noticed a tengu
    18 | D:1      | Noticed an elf
    20 | D:1      | Noticed a dwarf
    20 | D:1      | Noticed an octopode
    22 | D:1      | Noticed a spriggan
    28 | D:1      | Noticed an ogre
    28 | D:1      | Noticed a minotaur
    30 | D:1      | Noticed a demigod
    30 | D:1      | Noticed a vampire
   427 | D:1      | Reached XP level 2. HP: 21/21 MP: 2/2
   451 | D:1      | Reached skill level 1 in Short Blades
   961 | D:2      | Reached XP level 3. HP: 26/26 MP: 3/3
  1274 | D:2      | Reached skill level 2 in Short Blades
  1353 | D:2      | Learned a level 1 spell: Sandblast
  1441 | D:2      | Reached XP level 4. HP: 32/32 MP: 4/4
  1497 | D:2      | Found a glowing golden altar of the Shining One.
  1820 | D:2      | Found a radiant altar of Vehumet.
  1821 | D:2      | Found a shattered altar of Ashenzari.
  1884 | D:2      | Reached skill level 1 in Spellcasting
  2084 | D:3      | Found a sparkling altar of Nemelex Xobeh.
  2126 | D:3      | Found a glowing golden altar of the Shining One.
  2202 | D:3      | Noticed a bullfrog
  2214 | D:3      | Killed a bullfrog
  2214 | D:3      | Reached skill level 3 in Short Blades
  2214 | D:3      | Reached XP level 5. HP: 12/37 MP: 6/6
  2253 | D:3      | Reached skill level 4 in Short Blades
  2685 | D:3      | Reached XP level 6. HP: 40/43 MP: 7/7
  2703 | D:3      | Found a white marble altar of Elyvilon.
  2715 | D:3      | Found a glowing silver altar of Zin.
  2883 | D:4      | Found a runed door.
  2887 | D:4      | Noticed Crazy Yiuf
  2906 | D:4      | Killed Crazy Yiuf
  2990 | D:4      | You fall through a shaft for 2 floors!
  3130 | D:6      | Reached skill level 5 in Short Blades
  3133 | D:6      | Reached XP level 7. HP: 5/48 MP: 10/10
  3152 | D:6      | HP: 2/48 [hound (3)]
  3424 | D:6      | HP: 2/48 [poisoned by a scorpion]
  3424 | D:6      | Slain by a centaur zombie

Skill      XL: |  1  2  3  4  5  6 |
---------------+-------------------+-----
Short Blades   | 1 2 3 4 5 |  5.3
Stealth        | 2 |  2.2
Spellcasting   | 1 2 |  2.9
Fighting       | |  1.5
Maces & Flails | |  1.0
Armour         | |  1.0
Fire Magic     | |  2.0
Earth Magic    | |  3.0
Evocations     | |  1.0

Action                   |  1- 3 |  4- 6 |  7- 9 || total
-------------------------+-------+-------+-------++-------
Melee: Dagger            |   124 |   227 |    39 ||   390
       Mace              |     6 |       |       ||     6
  Eat: Chunk             |     2 |     5 |     1 ||     8
Armor: Scale mail        |    68 |    93 |    12 ||   173
Dodge: Dodged            |    43 |    81 |    10 ||   134
